 Dungeon Crawl Stone Soup version 0.29-a0-284-gf9362112df (webtiles) character file.

Game seed: 18424803126718703942

707 yunder69 the Chopper (level 7, -13/62 HPs)
             Began as a Deep Dwarf Berserker on Mar 23, 2022.
             Was a Priest of Trog.
             Killed from afar by an orc priest (42 damage)
             ... with a bolt of acid
             ... on level 4 of the Dungeon.
             The game lasted 00:17:17 (5622 turns).

yunder69 the Chopper (Deep Dwarf Berserker)         Turns: 5622, Time: 00:17:18

Health: -13/62     AC:  8    Str: 20      XL:     7   Next: 39%
Magic:  4/4        EV: 10    Int: 10      God:    Trog [***...]
Gold:   71         SH:  0    Dex: 11 (12) Spells: 6/6 levels left

rFire   . . .      SeeInvis .   v - +0 scythe
rCold   . . .      Faith    .   (shield currently unavailable)
rNeg    . . .      Spirit   .   z - +0 scale mail
rPois   .          Reflect  .   (no helmet)
rElec   .          Harm     .   (no cloak)
rCorr   .          Rampage  .   D - +1 Delatra's gloves {ID++}
Will    +....                   (no boots)
Stlth   ..........              u - amulet of regeneration
HPRegen 0.00/turn               (no ring)
MPRegen 0.09/turn               (no ring)

@: on berserk cooldown, slowed, very slow
A: damage resistance, heal wounds, sense surroundings 1, no regeneration
a: Heal Wounds, Renounce Religion, Berserk, Trog's Hand


You were on level 4 of the Dungeon.
You worshipped Trog.
Trog was most pleased with you.
You visited 1 branch of the dungeon, and saw 4 of its levels.

You collected 71 gold pieces.

Inventory:

Hand Weapons
 l - a +0 rapier
 v - a +0 scythe (weapon)
 B - a +0 hunting sling
Missiles
 q - 83 stones
 C - 6 datura-tipped darts
Armour
 n - the +3 leather armour "Ocom" {-Tele rN+ Will+++ Str-5}
   (You found it on level 2 of the Dungeon)

   Str:       It affects your strength (-5).
   rN:        It protects you from negative energy.
   -Tele:     It prevents most forms of teleportation.
   Will:      It greatly increases your willpower.
 z - a +0 scale mail (worn)
 D - the +1 Delatra's gloves (worn) {ID++}
   (You found it on level 3 of the Dungeon)

   It heals its wearer when they drink unknown potions.
   It restores its wearer's MP when they read unknown scrolls.
Jewellery
 u - an amulet of regeneration (around neck)
Wands
 h - a wand of polymorph (6)
Scrolls
 b - a scroll of enchant weapon {unknown}
 e - a scroll of identify
 i - a scroll of vulnerability {unknown}
 t - a scroll of blinking
 x - a scroll of holy word
Potions
 a - a potion of lignification {unknown}
 c - a potion of resistance {unknown}
 d - 3 potions of heal wounds
 f - a potion of curing
 g - a potion of flight {unknown}
 j - a potion of mutation {unknown}
 k - a potion of degeneration {unknown}
 p - 2 potions of brilliance {unknown}


   Skills:
 - Level 3.3 Fighting
 - Level 7.5(8.1) Axes
 + Level 3.4(5.3) Polearms
 - Level 2.3 Armour
 - Level 3.1 Dodging
 - Level 1.2 Stealth


You had 6 spell levels left.
You didn't know any spells.
Your spell library contained the following spells:

 Spells                   Type           Power      Damage    Failure   Level
 Borgnjor's Revivificati  Necr           0%         N/A       100%        8
 Necromutation            Tmut/Necr      0%         N/A       100%        8
 Death's Door             Necr           0%         N/A       100%        9


Dungeon Overview and Level Annotations

Branches:
Dungeon (4/15)
 Temple: D:4-7

Altars:

Shops:
D:1 **?=(   D:4 ?:


Innate Abilities, Weirdness & Mutations

You are resistant to damage.
You can heal yourself by infusing magical energy.
You passively map a small area around you.
You do not regenerate.


Message History

The orc priest moves out of view.
Items here: ) [ ††.
The orc priest calls down the wrath of Beogh upon you.
Beogh smites you!
The orc priest mumbles some strange prayers to Beogh against you.
You resist with significant effort.
Things that are here:
a +0 club; a +0 leather armour The orc priest looks satisfied for a moment.
You barely miss the orc.
The orc priest zaps a wand.
The bolt of acid hits you!! The orc hits you with a +0 club.
You are too injured to fight recklessly!
You are too injured to fight recklessly!
You are too injured to fight recklessly!
You feel much better. The orc closely misses you.
The orc priest invokes the aid of Beogh against you.
Beogh smites you!
The orc priest zaps a wand.
The bolt of acid hits you!!
* * * LOW HITPOINT WARNING * * *
The orc barely misses you.
You feel much better. The orc misses you.
The orc priest calls down the wrath of Beogh upon you.
Pain shoots through your body!
The orc priest invokes the aid of Beogh against you.
You resist with significant effort.
You closely miss the orc priest. The orc hits you but does no damage.
The orc priest mumbles some strange prayers to Beogh against you.
Pain shoots through your body!
The orc priest zaps a wand.
The bolt of acid hits you!!
* * * LOW HITPOINT WARNING * * *
The orc priest hits you but does no damage.
The orc priest completely misses you. The orc hits you with a +0 club.
The orc priest hits you with a +0 flail.
* * * LOW HITPOINT WARNING * * *
The orc priest hits you but does no damage.
The orc closely misses you.
You feel much better. The orc hits you but does no damage.
The orc priest hits you but does no damage.
The orc priest zaps a wand.
The bolt of acid hits you!!!
Ouch! That really hurt!
You die...

#.......#......#..### *
#.......#....S......, , ,
#.......#.....##..#* *
#.......#.....##[.# , ,
#..#######+#####).# , * ,
#8.8.8.....# #..# , ..⌠.⌠......#
#..#####.# *** *
#8.∩.8.....#####o........ , ,,
#.⌠.⌠.........†o@o###############
#8.8.8....#######................
##.....#### #....############
#####)#############.# #... ≈
#........[.....#.# #... *
##.###########.#.# #... #.#
#.#.#* *** #... * * #.# #.#..
..... ≈ #.# #.### #.#...


You could see 2 orc priests and an orc.

Vanquished Creatures
  Sigmund (D:3)
  Eustachio (D:4)
  A tengu (D:4)
  A hound (D:4)
  Jessica (D:2)
  Terence (D:2)
  An orc wizard (D:3)
  3 river rats (D:3)
  7 adders
  An ufetubus (D:3)
  A worm (D:3)
  4 dart slugs
  7 orcs
  6 ball pythons
  15 endoplasms
  4 giant cockroaches
  11 goblins
  5 hobgoblins
  5 jackals (D:2)
  8 kobolds
  2 quokkas
  7 bats
  7 frilled lizards
  9 rats
109 creatures vanquished.

Notes
Turn   | Place    | Note
-------+----------+-------------------------------------------
     0 | D:1      | yunder69 the Deep Dwarf Berserker began the quest for the
                  | Orb.
     0 | D:1      | Reached XP level 1. HP: 20/20 MP: 1/1
    17 | D:1      | Found Rates's General Store.
   143 | D:1      | Reached XP level 2. HP: 13/27 MP: 2/2
  1408 | D:1      | Found Elur's Antique Weapon Emporium.
  1483 | D:1      | Found a faded altar of an unknown god.
  1630 | D:1      | Reached XP level 3. HP: 24/34 MP: 2/2
  1704 | D:1      | Found Axtoem's Magic Scroll Shoppe.
  1833 | D:1      | Found Faotelir's General Store.
  1953 | D:1      | Found Ilom's Jewellery Emporium.
  2285 | D:2      | Reached skill level 1 in Stealth
  2287 | D:2      | Reached ** piety under Trog
  2366 | D:2      | Reached skill level 4 in Axes
  2368 | D:2      | Reached XP level 4. HP: 41/42 MP: 3/3
  2439 | D:2      | Identified the +3 leather armour "Ocom" {-Tele rN+ Will+++
                  | Str-5}
  2786 | D:2      | Noticed Terence
  2809 | D:2      | Killed Terence
  2810 | D:2      | Reached skill level 5 in Axes
  2810 | D:2      | Reached XP level 5. HP: 48/49 MP: 4/4
  2823 | D:2      | Noticed Jessica
  2831 | D:2      | Killed Jessica
  3724 | D:3      | Noticed Sigmund
  3743 | D:3      | Killed Sigmund
  3744 | D:3      | Reached skill level 7 in Axes
  3744 | D:3      | Reached XP level 6. HP: 37/56 MP: 5/5
  3820 | D:3      | Reached *** piety under Trog
  4032 | D:3      | Found the +1 Delatra's gloves {ID++}
  5323 | D:4      | Found Qule's Magic Scroll Shop.
  5352 | D:4      | Noticed Eustachio
  5366 | D:4      | Noticed a water moccasin
  5413 | D:4      | Found Nenlext's Book Emporium.
  5562 | D:4      | a water moccasin changed into a tengu
  5568 | D:4      | Reached skill level 1 in Polearms
  5568 | D:4      | Reached XP level 7. HP: 57/62 MP: 4/4
  5600 | D:4      | Killed Eustachio
  5621 | D:4      | HP: 1/62 [orc priest/+0 flail (3)]
  5622 | D:4      | Killed from afar by an orc priest

Illustrated notes

Levels and vault maps discovered:
D:1:      dpeg_arrival_pond, layout_loops_corners,
          shapermc_ecumenical_altar_totnotflames, serial_shops,
          nicolae_shop_advertising_works [nicolae_subvault_shop_adworks],
          nicolae_shop_trees, shop, nicolae_shop_stone, nicolae_shop_crystal,
          solitary_fountain, chequers_serial_rivers_micro_c,
          amcnicky_mini_rare_corridor_liquid, hangedman_decor_clover_reticule
D:2:      minmay_general_purpose_star, layout_rooms,
          hangedman_abyss_or_decor_stabs, uniq_terence, uniq_jessica
D:3:      layout_basic, portal_sewer_entry_e, kennysheep_another_room,
          pf_guarded_unrand_delatra, uniq_sigmund
D:4:      layout_basic, serial_shops,
          nicolae_shop_temple_entry_statues_fountains, nicolae_shop_trees,
          nicolae_shop_hallway_plus, kennysheep_little_box, shop,
          minmay_close_crescents, uniq_eustachio

Skill      XL: |  1  2  3  4  5  6  7 |
---------------+----------------------+-----
Fighting       | 3 |  3.3
Stealth        | 1 |  1.2
Dodging        | 3 |  3.1
Axes           | 4 5 7 |  7.5
Polearms       | 1 3 |  3.4
Armour         | |  2.3

Action                   |  1- 3 |  4- 6 |  7- 9 || total
-------------------------+-------+-------+-------++-------
Melee: Hand axe          |    96 |   143 |       ||   239
       Punch             |     2 |       |       ||     2
       Morningstar       |       |    60 |       ||    60
       Scythe            |       |    47 |    28 ||    75
Invok: Berserk           |     1 |     5 |     1 ||     7
 Abil: Heal Wounds       |     2 |     6 |     3 ||    11
Evoke: Wand              |       |     1 |       ||     1
  Use: Scroll            |       |     9 |       ||     9
 Stab: Sleeping          |     2 |     4 |       ||     6
Armor: Animal skin       |    28 |     1 |       ||    29
       Leather armour    |       |    65 |       ||    65
       Scale mail        |       |    64 |    32 ||    96
Dodge: Dodged            |    76 |   183 |    35 ||   294

Table legend: (Time is in decaauts)
 A = Elapsed time spent in this place.
 B = Non-inter-level travel time spent in this place.
 C = Inter-level travel time spent in this place.
 D = Time resting spent in this place.
 E = Time spent auto-exploring this place.
 F = Levels seen in this place.
 G = Mean time per level.
                   A        B        C        D        E       F      G
               +--------+--------+--------+--------+--------+-----+--------+
         Total |   5766 |   4804 |    962 |   1126 |   2524 |   4 | 1441.5 |
       Dungeon |   5766 |   4804 |    962 |   1126 |   2524 |   4 | 1441.5 |
               +--------+--------+--------+--------+--------+-----+--------+

Top non-repeatable levels by time:
     D:1: 2284 daAuts
     D:3: 2068 daAuts
     D:2: 893 daAuts
     D:4: 520 daAuts
